 Dungeon Crawl Stone Soup version 0.30-b1-2-g02819fbbbe (webtiles) character file.

Game seed: 17406488464262888969

471 Metae the Covered (level 6, -1/56 HPs)
             Began as a Minotaur Fighter on June 27, 2023.
             Killed from afar by an orc wizard (5 damage)
             ... with a magic dart
             ... on level 3 of the Dungeon.
             The game lasted 00:06:38 (3368 turns).

Metae the Covered (Minotaur Fighter)                Turns: 3368, Time: 00:06:39

Health: -1/56      AC:  7    Str: 23    XL:     6   Next: 83%
Magic:  5/5        EV: 10    Int:  5    God:
Gold:   273        SH:  0    Dex:  9    Spells: 5/5 levels left

rFire   . . .        g - +0 dagger (venom)
rCold   . . .        c - +0 buckler
rNeg    . . .        b - +0 scale mail
rPois   .            (helmet restricted)
rElec   .            h - scarf {repulsion}
rCorr   .            (no gloves)
SInv    .            (no boots)
Will    .....        (no amulet) Stlth
                     (no ring)
HPRegen 0.29/turn    (no ring)
MPRegen 0.09/turn

%: repel missiles
@: confused
A: horns 2, retaliatory headbutt
a: no special abilities


You were on level 3 of the Dungeon.
You visited 1 branch of the dungeon, and saw 4 of its levels.

You collected 273 gold pieces.

Inventory:

Hand Weapons
 a - a +0 rapier
 g - a +0 dagger of venom (weapon)
Missiles
 k - 6 boomerangs (quivered)
 l - 28 stones
Armour
 b - a +0 scale mail (worn)
 c - a +0 buckler (worn)
 h - a scarf of repulsion (worn)
Jewellery
 u - a ring of wizardry
 w - a ring of magical power
Scrolls
 e - 3 scrolls of identify {unknown}
 f - 3 scrolls of fog {unknown}
 i - a scroll of enchant armour {unknown}
 p - 2 scrolls of silence {unknown}
 q - 2 scrolls of fear {unknown}
 r - a scroll of enchant weapon {unknown}
 t - a scroll of teleportation {unknown}
 v - a scroll of vulnerability {unknown}
Potions
 d - 4 potions of might
 j - a potion of brilliance {unknown}
 m - 2 potions of haste {unknown}
 n - a potion of curing {unknown}
 o - 2 potions of heal wounds {unknown}
 s - a potion of flight {unknown}


   Skills:
 + Level 5.2 Fighting
 + Level 4.1 Short Blades
 + Level 5.2 Armour
 + Level 3.2 Dodging
 + Level 5.2 Shields


You had 5 spell levels left.
You didn't know any spells.
Your spell library contained the following spells:

 Spells                   Type           Power      Damage    Failure   Level
 Necrotise                Necr           0%         1d4       83%         1
 Shock                    Conj/Air       0%         1d3       83%         1
 Cigotuvi's Dreadful Rot  Necr/Pois/Air  0%         N/A       93%         2
 Lesser Beckoning         Tloc           0%         N/A       93%         2
 Gell's Gravitas          Tloc           0%         N/A       99%         3
 Hailstorm                Conj/Ice       0%         3d3       99%         3
 Ignite Poison            Fire/Tmut/Pois 0%         N/A       99%         3
 Swiftness                Air            0%         N/A       99%         3
 Teleport Other           Tloc           0%         N/A       99%         3
 Vampiric Draining        Necr           0%         2d6       99%         3
 Airstrike                Air            0%         2d(0-16)  100%        4
 Ice Form                 Ice/Tmut       0%         N/A       100%        4
 Petrify                  Tmut/Erth      0%         N/A       100%        4
 Agony                    Necr           0%         N/A       100%        5
 Freezing Cloud           Conj/Ice/Air   0%         6-21      100%        5
 Metabolic Englaciation   Hex/Ice        0%         N/A       100%        5
 Simulacrum               Ice/Necr       0%         N/A       100%        6
 Statue Form              Tmut/Erth      0%         N/A       100%        6


Dungeon Overview and Level Annotations

Branches:
Dungeon (4/15)
 Temple: D:4-7

Altars:
Dithmenos
Wu Jian


Innate Abilities, Weirdness & Mutations

You have a pair of horns on your head.
You reflexively headbutt those who attack you in melee.


Message History

You completely miss the orc. The orc barely misses you.
You closely miss the orc. You headbutt the orc.
The orc is almost dead.
You hit the orc but do no damage.
The orc is poisoned.
The orc is almost dead.
The orc wizard gestures wildly while chanting.
The orc wizard flickers and vanishes!
Deactivating autopickup; reactivate with Ctrl-A.
The orc closely misses you.
You hit the orc but do no damage.
The orc looks as sick as possible!
The orc is almost dead.
You kill the orc!
A magic dart appears from out of thin air!
The magic dart hits you.
* * * LOW HITPOINT WARNING * * *
Things that are here:
a +0 club; a +0 leather armour
There is a stone staircase leading up here.
Something hits you but does no damage.
You climb upwards.
Reactivating autopickup.
There is a stone staircase leading down here.
You start resting.
Something hits you.
* * * LOW HITPOINT WARNING * * *
Deactivating autopickup; reactivate with Ctrl-A.
You start resting.
Something hits you but does no damage.
You start resting.
You hear some strange, mumbled words.
You are confused.
Something hits you.
* * * LOW HITPOINT WARNING * * *
You're too confused to move!
You hear some strange, mumbled words.
A magic dart appears from out of thin air!
The magic dart hits you.
* * * LOW HITPOINT WARNING * * *
You hear some strange, mumbled words.
A magic dart appears from out of thin air!
The magic dart hits you.
You die...

#.~~##~.~....###~#.# #..
#.~#.~~~~_~~~~~#.#.# #..
#.~#8~~######~8~...# #..
##.~~###.....####~### #..
#...~.......~~..~~# ###
#..........###..###
#..........# #..#
#.).....>..###.##
#.......@{...#.##########
#.......รท............<...
##########..........#####
#............# #
#............#
#............#
##..........##
##...##...## ##########


There were no monsters in sight!

Vanquished Creatures
  An ogre (D:4)
  An orc priest (D:4)
  3 hounds
  A sleepcap (D:4)
  2 orc wizards
  8 adders
  2 dart slugs
  17 orcs
  7 endoplasms
  4 giant cockroaches
  5 goblins
  7 hobgoblins
  10 jackals
  5 kobolds
  3 quokkas
  12 ball pythons
  7 bats
  3 frilled lizards (D:1)
  3 rats
  A spectral goblin (D:3)
102 creatures vanquished.

Notes
Turn   | Place    | Note
-------+----------+-------------------------------------------
     0 | D:1      | Metae the Minotaur Fighter began the quest for the Orb.
     0 | D:1      | Reached XP level 1. HP: 19/19 MP: 0/0
   270 | D:1      | Reached XP level 2. HP: 27/27 MP: 1/1
   360 | D:1      | Reached skill level 1 in Dodging
   785 | D:1      | Reached XP level 3. HP: 33/33 MP: 2/2
  1507 | D:2      | Reached XP level 4. HP: 32/40 MP: 3/3
  2055 | D:3      | Reached XP level 5. HP: 44/47 MP: 4/4
  2331 | D:3      | Found a faded altar of an unknown god.
  2485 | D:3      | Found an ornate altar of the Wu Jian Council.
  2599 | D:3      | Identified the +3 leather armour of Forking Paths {rCorr
                  | SInv}
  2828 | D:4      | Reached XP level 6. HP: 55/55 MP: 5/5
  2885 | D:4      | Reached skill level 5 in Fighting
  2885 | D:4      | Reached skill level 5 in Armour
  2885 | D:4      | Reached skill level 5 in Shields
  3295 | D:4      | Found a shadowy altar of Dithmenos.
  3368 | D:3      | Killed from afar by an orc wizard

Illustrated notes

Levels and vault maps discovered:
D:1:      amcnicky_arrival_underground_garden, layout_loops_corners,
          supply_closet_lemuel
D:2:      layout_rooms, roderic_lattice_a, minmay_tetromino_t4
D:3:      layout_rooms, marbit_many_paths,
          dreamdust_ecumenical_altar_drowned_temple
D:4:      layout_loops_cross, grunt_dithmenos_smoke

Skill      XL: |  1  2  3  4  5  6 |
---------------+-------------------+-----
Dodging        | 1 2 3 |  3.2
Fighting       | 4 5 |  5.2
Shields        | 4 5 |  5.2
Armour         | 4 5 |  5.2
Short Blades   | 3 4 |  4.1

Action                     |  1- 3 |  4- 6 || total
---------------------------+-------+-------++-------
  Melee: Rapier            |    45 |       ||    45
         Headbutt          |    11 |    37 ||    48
         Dagger            |    76 |   193 ||   269
 Armour: Scale mail        |    54 |    78 ||   132
  Dodge: Dodged            |    58 |    71 ||   129
  Block: Buckler           |    31 |    28 ||    59
